 Dungeon Crawl Stone Soup version 0.24-a0-582-g4d4af81 (webtiles) character file.

Game seed: 7324591457017216519

33817 Firecrotchwizard the Severer (level 13, -4/119 HPs)
             Began as a Hill Orc Fighter on Aug 27, 2019.
             Was a Believer of Uskayaw.
             Slain by a catoblepas (21 damage)
             ... on level 6 of the Lair of Beasts.
             The game lasted 00:41:37 (15180 turns).

Firecrotchwizard the Severer (Hill Orc Fighter)    Turns: 15180, Time: 00:41:38

Health: -4/119     AC: 15    Str: 24    XL:     13   Next: 73%
Magic:  20/22      EV: 10    Int:  8    God:    Uskayaw [**....]
Gold:   1003       SH: 12    Dex: 10    Spells: 12/12 levels left

rFire    . . .     SeeInvis .   y - +8 broad axe (distort) {!w}
rCold    . . .     Gourm    .   c - +0 shield
rNeg     + . .     Faith    .   C - +0 plate armour
rPois    .         Spirit   .   u - +0 helmet
rElec    .         Reflect  .   (no cloak)
rCorr    .         Harm     .   L - +0 pair of gloves
MR       .....                  (no boots)
Stlth    ..........             D - amulet of regeneration {+regen, !d}
HPRegen  0.69/turn              i - +4 ring of evasion
MPRegen  0.18/turn              k - ring of positive energy {rN+}

@: no status effects
A: no striking features
a: Stomp, Line Pass, Renounce Religion


You were on level 6 of the Lair of Beasts.
You worshipped Uskayaw.
Uskayaw was pleased with you.
You were very hungry.

You visited 3 branches of the dungeon, and saw 17 of its levels.

You collected 1003 gold pieces.

Inventory:

Hand Weapons
 y - a +8 broad axe of distortion (weapon) {!w}
   (You acquired it on level 10 of the Dungeon)
Missiles
 G - 7 silver boomerangs
 N - 5 boomerangs
Armour
 b - a +0 scale mail
 c - a +0 shield (worn)
 d - a +0 chain mail
   (You took it off Terence on level 3 of the Dungeon)
 r - a +0 hat
   (You found it on level 2 of the Dungeon)
 u - a +0 helmet (worn)
   (You found it on level 2 of the Dungeon)
 C - a +0 plate armour (worn)
   (You took it off an orc warrior on level 7 of the Dungeon)
 L - a +0 pair of gloves (worn)
   (You found it on level 3 of the Lair of Beasts)
Jewellery
 i - a +4 ring of evasion (left hand)
   (You found it on level 1 of the Dungeon)
 k - a ring of positive energy (right hand) {rN+}
   (You found it on level 1 of the Dungeon)
 D - an amulet of regeneration (around neck) {+regen, !d}
   (You found it on level 6 of the Dungeon)
Wands
 l - a wand of disintegration (15)
   (You found it on level 10 of the Dungeon)
 w - a wand of polymorph (9)
   (You found it on level 4 of the Lair of Beasts)
 x - a wand of random effects (65)
   (You took it off an orc on level 5 of the Dungeon)
 E - a wand of clouds (6)
   (You found it on level 10 of the Dungeon)
 H - a wand of enslavement (6)
   (You found it on level 1 of the Lair of Beasts)
 I - a wand of iceblast (2)
   (You took it off a wight on level 10 of the Dungeon)
 Q - a wand of flame (25)
   (You found it on level 5 of the Lair of Beasts)
Scrolls
 e - 3 scrolls of fear
 j - 12 scrolls of teleportation
 m - 3 scrolls of fog
 n - 9 scrolls of identify
 o - 2 scrolls of magic mapping {!r}
 p - 3 scrolls of remove curse
 J - 3 scrolls of amnesia
 M - a scroll of noise {unknown}
 O - a scroll of acquirement
Potions
 g - a potion of flight {unknown}
 h - a potion of heal wounds
 q - 2 potions of agility {unknown}
 s - 2 potions of resistance {unknown}
 t - 2 potions of lignification {!q}
 v - 11 potions of curing
 z - a potion of magic {unknown}
 A - 3 potions of mutation {unknown}
 B - 2 potions of haste
 F - a potion of ambrosia {unknown}
 K - a potion of might
Miscellaneous
 a - a box of beasts
Comestibles
 f - 31 rations
 P - 5 chunks of flesh {@w0}


   Skills:
 + Level 12.7 Fighting
 * Level 17.9 Axes
 - Level 5.7 Armour
 + Level 11.7 Shields
 + Level 12.1 Invocations


You had 12 spell levels left.
You didn't know any spells.
Your spell library contained the following spells:

 Spells                   Type           Power        Failure   Level  Hunger
 Beastly Appendage        Tmut           #.....       100%        1    ##.....
 Shock                    Conj/Air       #...         100%        1    ##.....
 Sticks to Snakes         Tmut           #.......     100%        2    ###....
 Swiftness                Chrm/Air       #.......     100%        2    ###....
 Spider Form              Tmut/Pois      #.........   100%        3    ####...
 Static Discharge         Conj/Air       #.......     100%        3    ####...
 Airstrike                Air            #.........   100%        4    #####..
 Ice Form                 Ice/Tmut       #.......     100%        4    #####..
 Blade Hands              Tmut           #.........   100%        5    ######.
 Lightning Bolt           Conj/Air       #.........   100%        5    ######.


Dungeon Overview and Level Annotations

Branches:
Dungeon (10/15)            Temple (1/1) D:6            Lair (6/6) D:9
 Shoals (0/4) Lair:4        Snake (0/4) Lair:2        Slime (0/5) Lair:6
    Orc (0/2) D:10

Altars:
Ashenzari
Cheibriados
Dithmenos
Elyvilon
Fedhas
Hepliaklqana
Makhleb
Nemelex Xobeh
Okawaru
Qazlal
Trog
Uskayaw
Xom
Yredelemnul
Zin

Annotations:
D:4 exclusion: 2 goblins
D:9 2 transporters, exclusion: electric eel, djmy96's ghost, novice SpAs
Lair:2 exclusions: water moccasin and 4 more exclusions
Lair:3 2 transporters, Sesehoad's ghost, journeyman TeAE


Message History

You regained 5 hp, and now have 64/119 hp.
The barbed spikes dig painfully into your body as you move.
Your limbs are stiffening.
You take 4 damage, and have 60/119 hp.
The barbed spikes dig painfully into your body as you move.
The catoblepas breathes a plume of calcifying dust at you.
The blast of calcifying dust hits you.
You have turned to stone.
You are engulfed in calcifying dust.
You carefully extract the barbed spikes from your body.
You are engulfed in calcifying dust.
The catoblepas gores you!!
You are engulfed in calcifying dust.
The catoblepas gores you.
You are engulfed in calcifying dust.
The catoblepas breathes a plume of calcifying dust at you.
The blast of calcifying dust hits you.
The lindwurm is engulfed in calcifying dust.
The lindwurm is moving more slowly.
The catoblepas gores you! The lindwurm breathes flames at you.
The blast of flame hits you! The catoblepas gores you!
The catoblepas gores you but does no damage.
The lindwurm bites you!
* * * LOW HITPOINT WARNING * * *
The lindwurm claws you but does no damage.
The lindwurm claws you. The catoblepas gores you!!
* * * LOW HITPOINT WARNING * * *
The lindwurm bites you!
* * * LOW HITPOINT WARNING * * *
The lindwurm claws you!
* * * LOW HITPOINT WARNING * * *
The lindwurm claws you but does no damage.
You turn to flesh and can move again.
You take 44 damage, and have 16/119 hp.
MASSIVE DAMAGE!!
You regained 2 mp, and now have 17/22 mp.
You feel much better.
The catoblepas breathes a plume of calcifying dust at you.
The blast of calcifying dust hits you but does no damage.
The lindwurm bites you!
* * * LOW HITPOINT WARNING * * *
You block the lindwurm's attack. The lindwurm closely misses you.
You regained 15 hp, and now have 31/119 hp.
Okay, then.
As you read the scroll of fear, it crumbles to dust.
You assume a fearsome visage.
The lindwurm looks frightened!
The catoblepas looks frightened!
You are engulfed in calcifying dust.
You are slowing down.
The lindwurm stops moving altogether!
Your limbs are stiffening.
You have turned to stone.
The catoblepas seems to regain its courage.
The catoblepas gores you but does no damage.
The catoblepas gores you!
* * * LOW HITPOINT WARNING * * *
The catoblepas breathes a plume of calcifying dust at you.
The blast of calcifying dust hits you but does no damage.
You are engulfed in calcifying dust.
The catoblepas breathes a plume of calcifying dust at you.
The blast of calcifying dust hits you but does no damage.
You are engulfed in calcifying dust.
The lindwurm is no longer petrified.
The catoblepas completely misses you.
You are engulfed in calcifying dust.
The lindwurm seems to regain its courage.
The catoblepas gores you but does no damage.
The lindwurm breathes flames at you. The blast of flame hits you!!
* * * LOW HITPOINT WARNING * * *
You turn to flesh and can move again.
You take 10 damage, and have 22/119 hp.
You regained 2 mp, and now have 19/22 mp.
Unknown command.
Unknown command.
Unknown command.
Unknown command.
You block the catoblepas's attack. You block the lindwurm's attack.
The lindwurm claws you but does no damage.
The lindwurm claws you!
* * * LOW HITPOINT WARNING * * *
You take 7 damage, and have 15/119 hp.
Unknown command.
You hit the catoblepas.
Space bends around the catoblepas.
You slice the lindwurm!!
The lindwurm blinks!
Some of the chunks of flesh in your inventory have rotted away.
You slice the catoblepas!!
The catoblepas blinks!
You can now pass through a line of other dancers.
You slash the lindwurm!
The lindwurm blinks!
You slash the catoblepas!
Space warps horribly around the catoblepas!
The catoblepas breathes a plume of calcifying dust at you.
The blast of calcifying dust hits you.
* * * LOW HITPOINT WARNING * * *
You take 2 damage, and have 15/119 hp.
The catoblepas closely misses you.
You hit the catoblepas.
Space bends around the catoblepas.
The catoblepas gores you!!
You die...

##....#.#.#....#.
#.....#...#......
#P..#.#...#.....# k .
###...#...##..#.. ###.. #.
#...########...#
#P..#.#...#.....##.....#..
#..........†....##........
#....#####....###.....†#.
#...k...@.....##........#
##§§§§§Y.P#.####P...##..
####...##### #######..
##### #####<....
####.........
###P...........
##.......≈......
#........≈≈..... ...#
##.......≈....P.


You could see a catoblepas and a lindwurm.

Vanquished Creatures
  Erica (D:9)
  A two-headed ogre (D:10)
  7 death yaks (Lair:5)
  Urug (Lair:1)
  A lindwurm (Lair:4)
  A manticore (Lair:6)
  7 elephants
  4 black mambas
  A centaur zombie (D:10)
  A gargoyle (D:10)
  Psyche (D:8)
  7 spiny frogs
  A torpor snail (Lair:4)
  3 rime drakes (Lair:6)
  5 komodo dragons
  A troll (D:9)
  2 tyrant leeches (Lair:4)
  6 polar bears
  8 blink frogs
  6 hippogriffs
  19 yaks
  2 wyverns
  2 basilisks
  Grum (D:10)
  A steam dragon (D:9)
  A hungry ghost (D:6)
  3 nagas (Lair:2)
  6 swamp worms (Lair:4)
  9 water moccasins
  11 black bears
  8 porcupines
  2 ice beasts
  2 orc warriors
  2 sky beasts
  3 ogres
  2 phantoms
  5 centaurs
  2 wolves (D:10)
  3 big kobolds
  10 crocodiles
  14 bullfrogs
  4 scorpions
  A water moccasin skeleton (D:9)
  6 killer bees (D:7)
  3 wights (D:10)
  5 electric eels (D:9)
  4 howler monkeys
  5 crimson imps
  A quasit (D:8)
  2 centaur skeletons
  5 hounds
  6 orc priests
  5 iguanas
  A bullfrog skeleton (D:8)
  Terence (D:3)
  11 orc wizards
  11 worker ants
  A hound zombie (D:7)
  A hound skeleton (D:6)
  A worker ant zombie (D:10)
  14 adders
  11 gnolls
  A howler monkey skeleton (D:8)
  4 shadow imps
  5 oozes
  An adder skeleton (D:10)
  A worm (D:3)
  A dart slug (D:3)
  5 leopard geckos
  33 orcs
  2 ball pythons
  3 bats
  4 giant cockroaches
  4 goblins
  7 hobgoblins
  9 jackals
  4 quokkas
  6 frilled lizards
  A jackal zombie (D:5)
  23 kobolds
  A leopard gecko skeleton (D:4)
  4 rats
  4 plants
395 creatures vanquished.

Vanquished Creatures (others)
  An elephant (Lair:6)
  A snapping turtle (Lair:4)
  A blink frog (Lair:3)
  A basilisk (Lair:4)
  A swamp worm (Lair:4)
  A jelly (Lair:6)
  A leopard gecko (D:9)
  An orc (D:10)
  17 fungi
  10 plants
35 creatures vanquished.

Grand Total: 430 creatures vanquished

Notes
Turn   | Place    | Note
-------+----------+-------------------------------------------
     0 | D:1      | Firecrotchwizard the Hill Orc Fighter began the quest for
                  | the Orb.
     0 | D:1      | Reached XP level 1. HP: 19/19 MP: 1/1
     0 | D:1      | Noticed a shadow dragon
     0 | D:1      | Noticed a shadow dragon
     2 | D:1      | Noticed a purple draconian
     2 | D:1      | Noticed an ice dragon
     7 | D:1      | Noticed a large abomination
    10 | D:1      | Noticed an iron dragon
    12 | D:1      | Noticed a shadow dragon
    12 | D:1      | Noticed a tentacled monstrosity
    14 | D:1      | Noticed a large abomination
    14 | D:1      | Noticed a large abomination
    16 | D:1      | Noticed an orb of fire
    16 | D:1      | Noticed a large abomination
    18 | D:1      | Noticed a shadow dragon
    18 | D:1      | Noticed a green draconian
   338 | D:1      | Reached skill level 3 in Axes
   385 | D:1      | Reached XP level 2. HP: 26/27 MP: 2/2
   897 | D:2      | Reached XP level 3. HP: 32/33 MP: 3/3
  1007 | D:2      | Reached skill level 4 in Fighting
  1134 | D:2      | Reached skill level 4 in Axes
  1136 | D:2      | Reached XP level 4. HP: 33/40 MP: 4/4
  1634 | D:3      | Noticed Terence
  1639 | D:3      | Killed Terence
  1639 | D:3      | Reached skill level 4 in Armour
  1639 | D:3      | Reached skill level 4 in Shields
  1639 | D:3      | Reached XP level 5. HP: 45/47 MP: 5/5
  1740 | D:3      | Noticed an ogre
  1748 | D:3      | Killed an ogre
  1748 | D:3      | Reached skill level 5 in Axes
  1748 | D:3      | Reached XP level 6. HP: 36/53 MP: 6/6
  2095 | D:3      | Found a burning altar of Makhleb.
  2141 | D:3      | Found a sparkling altar of Nemelex Xobeh.
  2680 | D:4      | Found an iron altar of Okawaru.
  3008 | D:4      | Reached skill level 5 in Fighting
  3070 | D:4      | Reached skill level 6 in Axes
  3390 | D:4      | Reached XP level 7. HP: 17/61 MP: 5/7
  3937 | D:5      | Entered Level 5 of the Dungeon
  3983 | D:5      | Reached skill level 7 in Axes
  3983 | D:5      | Reached skill level 5 in Armour
  3983 | D:5      | Reached skill level 5 in Shields
  4280 | D:5      | Found a sparkling altar of Nemelex Xobeh.
  4299 | D:5      | Reached XP level 8. HP: 28/70 MP: 8/8
  4657 | D:5      | Reached skill level 6 in Fighting
  4819 | D:5      | Reached skill level 8 in Axes
  5542 | D:6      | Found a staircase to the Ecumenical Temple.
  5552 | Temple   | Entered the Ecumenical Temple
  5577 | Temple   | Became a worshipper of Uskayaw the Reveler
  5648 | D:6      | Reached * piety under Uskayaw
  5650 | D:6      | Reached ** piety under Uskayaw
  5654 | D:6      | Reached *** piety under Uskayaw
  5699 | D:6      | Reached skill level 1 in Invocations
  5802 | D:6      | Reached skill level 6 in Shields
  6142 | D:7      | Reached skill level 9 in Axes
  6210 | D:7      | Reached skill level 2 in Invocations
  6211 | D:7      | HP: 16/71 [killer bee (5)]
  6332 | D:7      | Reached XP level 9. HP: 78/78 MP: 11/11
  6334 | D:7      | Reached skill level 7 in Fighting
  6335 | D:7      | Reached skill level 3 in Invocations
  6389 | D:7      | Found a snail-covered altar of Cheibriados.
  6718 | D:7      | Reached skill level 10 in Axes
  6747 | D:7      | Reached **** piety under Uskayaw
  6748 | D:7      | Reached skill level 4 in Invocations
  6792 | D:7      | Found a basalt altar of Yredelemnul.
  7075 | D:8      | Found a bloodstained altar of Trog.
  7175 | D:8      | Found a blossoming altar of Fedhas.
  7316 | D:8      | Reached skill level 7 in Shields
  7479 | D:8      | Found a shimmering altar of Xom.
  7490 | D:8      | Noticed Psyche
  7496 | D:8      | Killed Psyche
  7551 | D:8      | Found a glowing silver altar of Zin.
  7790 | D:8      | Reached skill level 11 in Axes
  7790 | D:8      | Reached skill level 5 in Invocations
  7880 | D:8      | Reached skill level 8 in Fighting
  8153 | D:9      | Reached XP level 10. HP: 69/88 MP: 14/14
  8186 | D:9      | Got a heavily runed leather armour
  8266 | D:9      | Found a staircase to the Lair.
  8335 | D:9      | Reached skill level 6 in Invocations
  8341 | D:9      | Reached ***** piety under Uskayaw
  8343 | D:9      | Reached skill level 12 in Axes
  8346 | D:9      | Reached ****** piety under Uskayaw
  8348 | D:9      | Reached skill level 8 in Shields
  8448 | D:9      | Reached skill level 9 in Fighting
  8466 | D:9      | Found a hazy altar of Hepliaklqana.
  8468 | D:9      | Got a warped scale mail
  8479 | D:9      | Reached skill level 7 in Invocations
  8715 | D:9      | Found a transporter.
  8720 | D:9      | Noticed djmy96's ghost (novice SpAs)
  8745 | D:9      | Noticed Erica
  8775 | D:9      | Killed Erica
  8909 | D:9      | Reached skill level 13 in Axes
  9518 | D:9      | Found a transporter.
  9692 | D:10     | Entered Level 10 of the Dungeon
  9693 | D:10     | Identified a scroll of acquirement
  9821 | D:10     | Reached XP level 11. HP: 97/97 MP: 16/16
  9826 | D:10     | Noticed a two-headed ogre
  9839 | D:10     | Killed a two-headed ogre
  9839 | D:10     | Reached skill level 8 in Invocations
  9840 | D:10     | Reached skill level 9 in Shields
  9854 | D:10     | Found a staircase to the Orcish Mines.
  9967 | D:10     | Identified the +4 scale mail of the Morning {*Corrode rPois
                  | SInv Stlth+} (You found it on level 9 of the Dungeon)
 10121 | D:10     | Noticed Grum
 10127 | D:10     | Reached skill level 10 in Fighting
 10180 | D:10     | Reached skill level 14 in Axes
 10356 | D:10     | Killed Grum
 10515 | Lair:1   | Entered Level 1 of the Lair of Beasts
 10672 | Lair:1   | Noticed Urug
 10920 | Lair:1   | Reached skill level 9 in Invocations
 11011 | Lair:1   | Killed Urug
 11496 | Lair:2   | Found a staircase to the Snake Pit.
 11638 | Lair:2   | Reached skill level 15 in Axes
 11638 | Lair:2   | Reached XP level 12. HP: 95/108 MP: 19/19
 11690 | Lair:2   | Reached skill level 10 in Shields
 11975 | Lair:2   | Reached skill level 11 in Fighting
 12167 | Lair:2   | Reached skill level 10 in Invocations
 12567 | Lair:3   | Reached skill level 16 in Axes
 12623 | Lair:3   | Noticed Sesehoad's ghost (journeyman TeAE)
 12634 | Lair:3   | Found a transporter.
 12636 | Lair:3   | Found a transporter.
 13267 | Lair:4   | HP: 27/111 [swamp worm/harpoon shot (9)]
 13272 | Lair:4   | HP: 20/111 [swamp worm (16)]
 13278 | Lair:4   | HP: 23/111 [swamp worm/harpoon shot (1)]
 13360 | Lair:4   | Reached skill level 11 in Invocations
 13759 | Lair:4   | Found a staircase to the Shoals.
 13881 | Lair:5   | Noticed a death yak
 13881 | Lair:5   | Noticed a death yak
 13881 | Lair:5   | Noticed a death yak
 13882 | Lair:5   | Noticed a death yak
 13889 | Lair:5   | Reached skill level 11 in Shields
 13889 | Lair:5   | Reached XP level 13. HP: 117/117 MP: 21/21
 13899 | Lair:5   | Reached skill level 12 in Fighting
 13900 | Lair:5   | Reached skill level 17 in Axes
 14664 | Lair:6   | Entered Level 6 of the Lair of Beasts
 14862 | Lair:6   | Found a staircase to the Slime Pits.
 15006 | Lair:6   | Reached skill level 12 in Invocations
 15128 | Lair:6   | Noticed a dire elephant
 15160 | Lair:6   | HP: 23/119 [catoblepas (10)]
 15173 | Lair:6   | HP: 22/119 [lindwurm/blast of flame (14)]
 15178 | Lair:6   | HP: 15/119 [catoblepas/blast of calcifying dust (2)]
 15180 | Lair:6   | Slain by a catoblepas

Levels and vault maps discovered:
D:1:      shiori_arrival_whats_in_store_for_you, layout_basic,
          corexii_corridor_pit
D:2:      layout_loops_ring, first_ration
D:3:      layout_basic, bloody_makhleb, lemuel_crystal_altar,
          chequers_serial_rivers_micro_e, uniq_terence
D:4:      layout_loops_ring, nicolae_overflow_hidden_temple, kennysheep_nub,
          kennysheep_okawaru_gauntlet
D:5:      layout_layer_cave, nemelex_dance_club_becter
D:6:      layout_basic, temple_pool_b
D:7:      layout_gridville, cheibriados_altar_1, kennysheep_little_box,
          enter_bailey_8
D:8:      layout_cave_pods, nicolae_overflow_quartered_altars, uniq_psyche
D:9:      layout_rooms, lemuel_crystal_altar, due_lair_maze_entry_diamond,
          gammafunk_ghost_arena, serial_bayou, serial_bayou_ford_a,
          serial_bayou_lagoon_b, serial_bayou_pond_a, serial_bayou_pond_c,
          uniq_erica
D:10:     layout_basic, david_orc_3, uniq_grum
Temple:   cyrus_temple_forest
Lair:1:   layout_regular_city, minivault_19, chequers_serial_rivers_marsh,
          infiniplex_staircase_pool_2, uniq_urug
Lair:2:   lemuel_reptile_caves, layout_hall_layers,
          minmay_snake_entry_guardpost_small, grunt_megastairs_1,
          lemuel_fruit_fields, infiniplex_staircase_pool, lemuel_fruit_tree
Lair:3:   beast_lair_carwin_large_4, layout_regular_city, gammafunk_ghost_hive,
          columned_hall_lemuel, serial_bayou_pond_c
Lair:4:   layout_misc_corridors, minmay_shoals_entry_hut, enter_volcano_1,
          worms_lemuel, serial_bayou_shore_a
Lair:5:   layout_hall_layers
Lair:6:   hangedman_lair_in_review, layout_misc_corridors,
          guppyfry_lair_end_dragon, nicolae_slime_entry_slimehenge,
          chequers_serial_rivers_small_b, st_stairs_7

Skill      XL: |  1  2  3  4  5  6  7  8  9 10 11 12 13 |
---------------+----------------------------------------+-----
Axes           | 3 4 5 6 7 9 11 13 15 16 17 | 17.9
Fighting       | 4 5 6 8 9 10 11 12 | 12.7
Armour         | 4 5 |  5.7
Shields        | 4 5 6 7 8 9 11 | 11.7
Invocations    | 2 5 7 9 11 12 | 12.1

Action                   |  1- 3 |  4- 6 |  7- 9 | 10-12 | 13-15 || total
-------------------------+-------+-------+-------+-------+-------++-------
Melee: War axe           |    79 |   166 |   396 |   182 |       ||   823
       Broad axe         |       |       |       |   331 |   113 ||   444
Invok: Stomp             |       |       |     3 |     2 |       ||     5
       Grand Finale      |       |       |       |     2 |     1 ||     3
       Line Pass         |       |       |       |     1 |       ||     1
Evoke: Wand              |       |       |     2 |     1 |     4 ||     7
  Use: Potion            |       |     1 |     1 |     2 |     2 ||     6
       Scroll            |       |     6 |     1 |     9 |     1 ||    17
 Stab: Paralysed         |       |       |    18 |    37 |    18 ||    73
  Eat: Chunk             |     1 |     7 |    11 |    20 |     5 ||    44
       Ration            |       |       |     4 |       |       ||     4
Armor: Scale mail        |    26 |    12 |       |       |       ||    38
       Chain mail        |       |    37 |   130 |       |       ||   167
       Plate armour      |       |       |    53 |   160 |    26 ||   239
Dodge: Dodged            |    33 |    62 |   148 |   132 |    22 ||   397
Block: Shield            |    48 |    79 |   221 |   233 |    42 ||   623

Table legend:
 A = Non-vault XP
 B = Vault XP
 C = Vault XP percentage of total XP
 D = Non-vault monster count
 E = Vault monster count
 F = Vault count percentage of total count
                 A         B        C        D         E       F
            +---------+---------+-------+---------+---------+-------
      Total |   31663 |   16647 |  34.5 |     307 |      90 |  22.7
            +---------+---------+-------+---------+---------+-------
        D:1 |      24 |       0 |   0.0 |      14 |       0 |   0.0
        D:2 |     115 |       0 |   0.0 |      17 |       0 |   0.0
        D:3 |     195 |      38 |  16.3 |      25 |       1 |   3.8
        D:4 |     328 |       0 |   0.0 |      20 |       0 |   0.0
        D:5 |     608 |     125 |  17.1 |      19 |       2 |   9.5
        D:6 |     471 |       0 |   0.0 |      13 |       0 |   0.0
        D:7 |    1311 |       0 |   0.0 |      29 |       0 |   0.0
        D:8 |     780 |     410 |  34.5 |      15 |       1 |   6.2
        D:9 |    3093 |    1620 |  34.4 |      45 |      12 |  21.1
       D:10 |    3697 |     517 |  12.3 |      41 |       9 |  18.0
     Lair:1 |    2160 |     863 |  28.5 |      10 |       1 |   9.1
     Lair:2 |    2600 |    2652 |  50.5 |      12 |      19 |  61.3
     Lair:3 |    3630 |    2462 |  40.4 |      15 |      13 |  46.4
     Lair:4 |    1826 |    2305 |  55.8 |       8 |      11 |  57.9
     Lair:5 |    7781 |       0 |   0.0 |      15 |       0 |   0.0
     Lair:6 |    3044 |    5655 |  65.0 |       9 |      21 |  70.0
            +---------+---------+-------+---------+---------+-------

Levels and vault maps discovered:
D:1:      shiori_arrival_whats_in_store_for_you, layout_basic,
          corexii_corridor_pit
D:2:      layout_loops_ring, first_ration
D:3:      layout_basic, bloody_makhleb, lemuel_crystal_altar,
          chequers_serial_rivers_micro_e, uniq_terence
D:4:      layout_loops_ring, nicolae_overflow_hidden_temple, kennysheep_nub,
          kennysheep_okawaru_gauntlet
D:5:      layout_layer_cave, nemelex_dance_club_becter
D:6:      layout_basic, temple_pool_b
D:7:      layout_gridville, cheibriados_altar_1, kennysheep_little_box,
          enter_bailey_8
D:8:      layout_cave_pods, nicolae_overflow_quartered_altars, uniq_psyche
D:9:      layout_rooms, lemuel_crystal_altar, due_lair_maze_entry_diamond,
          gammafunk_ghost_arena, serial_bayou, serial_bayou_ford_a,
          serial_bayou_lagoon_b, serial_bayou_pond_a, serial_bayou_pond_c,
          uniq_erica
D:10:     layout_basic, david_orc_3, uniq_grum
Temple:   cyrus_temple_forest
Lair:1:   layout_regular_city, minivault_19, chequers_serial_rivers_marsh,
          infiniplex_staircase_pool_2, uniq_urug
Lair:2:   lemuel_reptile_caves, layout_hall_layers,
          minmay_snake_entry_guardpost_small, grunt_megastairs_1,
          lemuel_fruit_fields, infiniplex_staircase_pool, lemuel_fruit_tree
Lair:3:   beast_lair_carwin_large_4, layout_regular_city, gammafunk_ghost_hive,
          columned_hall_lemuel, serial_bayou_pond_c
Lair:4:   layout_misc_corridors, minmay_shoals_entry_hut, enter_volcano_1,
          worms_lemuel, serial_bayou_shore_a
Lair:5:   layout_hall_layers
Lair:6:   hangedman_lair_in_review, layout_misc_corridors,
          guppyfry_lair_end_dragon, nicolae_slime_entry_slimehenge,
          chequers_serial_rivers_small_b, st_stairs_7

Table legend:
 A = Turns spent in this place as a percentage of turns spent in the entire game.
 B = Non-inter-level travel turns spent in this place as a percentage of non-inter-level travel turns spent in the entire game.
 C = Inter-level travel turns spent in this place as a percentage of turns spent in this place.
 D = Turns resting spent in this place as a percentage of non-inter-level travel turns spent in this place.
 E = Turns spent auto-exploring this place as a percentage of non-inter-level travel turns spent in this place.
 F = Non-inter-level travel turns spent in this place divided by the number of levels of this place that you've seen.
                   A       B       C       D       E      F
               +-------+-------+-------+-------+-------+----------------------
         Total | 100.0 | 100.0 |   4.2 |  18.4 |  61.5 | 855.4
       Dungeon |  68.9 |  68.9 |   4.3 |  20.7 |  59.3 | 1001.3
        Temple |   0.3 |   0.2 |  48.0 |   0.0 |  65.4 |  26.0
          Lair |  30.7 |  31.0 |   3.5 |  13.3 |  66.4 | 750.3
               +-------+-------+-------+-------+-------+----------------------

Table legend:
 A = Kills in this place as a percentage of kills in entire the game.
 B = Kills by you in this place as a percentage of kills by you in the entire game.
 C = Kills by friends in this place as a percentage of kills by friends in the entire game.
 D = Other kills in this place as a percentage of other kills in the entire game.
 E = Experience gained in this place as a percentage of experience gained in the entire game.
 F = Experience gained in this place divided by the number of levels of this place that you have seen.
                   A       B       C       D       E      F
               +-------+-------+-------+-------+-------+----------------------
         Total | 100.0 | 100.0 |   N/A | 100.0 | 100.0 | 2841.8
       Dungeon |  66.2 |  67.3 |   N/A |   0.0 |  27.6 | 1333.2
          Lair |  33.8 |  32.7 |   N/A | 100.0 |  72.4 | 5829.7
               +-------+-------+-------+-------+-------+----------------------
